Map: Pylon LE

Players

SubN

  • Race: Zerg Zerg
  • League: Master
  • Spawn Location: 11:00

DrazharRulz - Winner!

  • Race: Terran Terran
  • League: Diamond
  • Spawn Location: 5:00

VOD

Have the link to the VOD?

Description

Time

  • Played on: July 14, 2025, 5:28 p.m.
  • Length: 8:35
Show
View Real Time Build Order
Export as new Build Order

SubN Zerg 

Build Orders: Pool First 

Get SALT Encoding   

  12  0:00  Drone  
  13  0:12  Overlord  
  13  0:17  Drone  
  14  0:30  Drone x2  
  16  0:42  Spawning Pool  
  16  0:45  Drone  
  16  0:49  Drone  
  17  0:59  Extractor  
  16  1:12  Hatchery  
  16  1:15  Drone  
  16  1:18  Drone  
  16  1:23  Drone  
  18  1:28  Drone  
  19  1:39  Zergling x2  
  20  1:44  Queen  
  22  1:51  Overlord  
  22  2:10  Roach Warren  
  21  2:16  Metabolic Boost  
  21  2:24  Queen  
  25  2:51  Roach x2  
  25  2:52  Roach x2  
  31  3:00  Zergling x2  
  31  3:01  Zergling x8  
  36  3:10  Overlord  
  36  3:28  Ravager, Queen  
  36  3:34  Drone x5  
  39  4:01  Zergling x12  
  39  4:19  Zergling x14  
  44  4:29  Lair  
  41  4:43  Hatchery  
  40  4:48  Roach  
  42  4:57  Drone  
  42  4:59  Overlord x4  
  35  5:37  Queen x2  
  39  5:44  Drone x6  
  39  5:45  Spire  
  39  5:47  Extractor  
  43  5:56  Spore Crawler x2  
  37  5:59  Spore Crawler  
  23  6:29  Drone x6  
  29  6:46  Queen  
  31  7:07  Queen  
  30  7:09  Corruptor  
  30  7:13  Drone  
  33  7:15  Drone  
  33  7:19  Drone  
  35  7:31  Drone x3  
  35  7:33  Overseer  
  38  7:52  Drone x7  
  45  8:13  Drone x3  
  45  8:17  Overseer  
Show
View Real Time Build Order
Export as new Build Order

DrazharRulz Terran - Winner!

Build Orders: 1/1/1, Hellion Opening 

Get SALT Encoding   

  12  0:00  SCV  
  13  0:15  Supply Depot  
  13  0:18  SCV  
  14  0:25  Refinery  
  14  0:30  SCV  
  15  0:43  Barracks  
  15  0:47  SCV  
  16  0:54  Refinery  
  16  0:59  SCV  
  18  1:11  SCV  
  18  1:23  SCV  
  19  1:31  Factory  
  19  1:35  Barracks Reactor  
  19  1:40  Orbital Command  
  19  1:57  Supply Depot  
  19  2:06  SCV  
  20  2:22  SCV  
  21  2:23  Starport  
  21  2:26  Hellion, Supply Depot  
  21  2:27  Hellion  
  24  2:37  SCV  
  25  2:50  Hellion x2  
  29  2:54  Supply Depot  
  29  3:03  Fusion Core, SCV  
  30  3:05  Starport Tech Lab  
  30  3:16  Hellion x2  
  30  3:17  Supply Depot, Marine  
  35  3:20  SCV  
  36  3:37  Hellion  
  36  3:39  Supply Depot  
  40  3:41  Hellion  
  40  4:02  Battlecruiser  
  36  4:28  Barracks Tech Lab  
  36  4:36  Barracks  
  36  4:42  Command Center  
  36  4:44  Factory Tech Lab  
  28  4:55  Marine  
  29  5:00  Supply Depot  
  29  5:02  SCV  
  32  5:07  Widow Mine  
  31  5:21  Marine  
  30  5:27  Command Center  
  29  5:47  Factory Tech Lab  
  29  5:49  Marine  
  29  5:50  Marine x2  
  29  5:56  SCV  
  33  6:09  Battlecruiser, SCV  
  36  6:30  Marine  
  36  6:31  Marine x2  
  37  6:33  Widow Mine  
  39  6:47  Orbital Command  
  39  6:50  SCV  
  39  7:02  SCV  
  38  7:10  Orbital Command  
  38  7:18  Battlecruiser  
  44  7:24  SCV  
  45  7:48  SCV  
  46  8:04  Supply Depot x2  
  51  8:27  Supply Depot  
  51  8:28  Supply Depot  
Tags
 
Add a new tag
Caveats
  • Supply blocks, unpowered buildings, or Contaminate may cause inaccurate times.
  • Supply counts are checked every 10 seconds.